 Dungeon Crawl Stone Soup version 0.31-a0-188-g5e087ee2ca (webtiles) character file.

Game seed: 9904206468135996327

221 qw the Skirmisher (level 5, -4/30 HPs)
             Began as a Deep Elf Hunter on June 22, 2023.
             Succumbed to a scorpion's poison
             ... on level 4 of the Dungeon.
             The game lasted 00:01:08 (2788 turns).

qw the Skirmisher (Deep Elf Hunter)                 Turns: 2788, Time: 00:01:08

Health: -4/30      AC: 10    Str: 10    XL:     5   Next: 65%
Magic:  7/7        EV: 11    Int: 14    God:
Gold:   138        SH:  0    Dex: 18    Spells: 4/4 levels left

rFire   . . .        Y - +1 shortbow
rCold   . . .        (shield currently unavailable)
rNeg    . . .        j - +2 ring mail
rPois   .            f - +2 helmet
rElec   .            (no cloak)
rCorr   +            (no gloves)
SInv    .            (no boots)
Will    .....        (no amulet)
Stlth   +            i - ring of resist corrosion
HPRegen 0.25/turn    (no ring)
MPRegen 0.10/turn

%: no passive effects
@: lethally poisoned (-4 -> -20)
A: no striking features
a: no special abilities


You were on level 4 of the Dungeon.
You visited 1 branch of the dungeon, and saw 4 of its levels.

You collected 194 gold pieces.
You spent 56 gold pieces at shops.


   Skills:
 - Level 2.0 Fighting
 + Level 9.0 Ranged Weapons
 - Level 2.4 Dodging
 - Level 1.2 Stealth


You had 4 spell levels left.
You didn't know any spells.
Your spell library was empty.

Inventory:

Hand Weapons
 Y - a +1 shortbow (weapon)
Armour
 f - a +2 helmet (worn)
 j - a +2 ring mail (worn)
Jewellery
 i - a ring of resist corrosion (left hand)
Scrolls
 a - 2 scrolls of identify
 c - a scroll of poison {unknown}
Potions
 b - 2 potions of enlightenment
 d - a potion of heal wounds {unknown}
 e - a potion of might
 g - a potion of degeneration {unknown}
 h - a potion of resistance {unknown}

Dungeon Overview and Level Annotations

Branches:
Dungeon (4/15)             Temple (0/1) D:4

Altars:
Dithmenos
Zin

Shops:
D:2 ?


Message History

You shoot an arrow. The arrow hits the scorpion.
The scorpion is moderately wounded.
You shoot an arrow.
The arrow hits the scorpion but does no damage.
The scorpion is lightly wounded.
You shoot an arrow.
The arrow hits the scorpion but does no damage.
The scorpion is lightly wounded.
The scorpion closely misses you.
You shoot an arrow. The arrow hits the scorpion.
The scorpion is heavily wounded.
The scorpion stings you.
You are poisoned.
The scorpion poisons you!
You shoot an arrow.
The arrow hits the scorpion but does no damage.
The scorpion is heavily wounded.
You feel very sick. The scorpion stings you. x2
You are more poisoned.
The scorpion poisons you!
You shoot an arrow. The arrow barely misses the scorpion.
You feel very sick. The scorpion stings you.
You shoot an arrow. The arrow closely misses the scorpion.
You feel very sick. The scorpion stings you.
You shoot an arrow.
The arrow hits the scorpion but does no damage.
The scorpion is heavily wounded.
You feel very sick. The scorpion barely misses you. The scorpion stings you.
You are more poisoned.
The scorpion poisons you!
You shoot an arrow. The arrow hits the scorpion.
The scorpion is almost dead.
You feel very sick.
The scorpion stings you but does no damage.
You shoot an arrow. The arrow closely misses the scorpion.
You die...

.............#
>........%...#. .....#
......................#
..........#...#.......#
..........#.}.# ......#
........###...###.....
...................#
..###.#..}..>..}s..# #
#.#.........@..#
#...###...###..#
##....#.}.# ..#
#....#...#...$#
##...%........#
########.....# ######


You could see a scorpion.

Vanquished Creatures
  2 iguanas (D:4)
  7 adders
  A gnoll (D:4)
  A worm (D:3)
  2 dart slugs (D:1)
  An orc (D:3)
  8 ball pythons
  10 endoplasms
  4 giant cockroaches
  7 goblins
  6 hobgoblins
  2 jackals (D:2)
  5 kobolds (D:1)
  8 quokkas
  11 bats
  2 frilled lizards
  7 rats
84 creatures vanquished.

Notes
Turn   | Place    | Note
-------+----------+-------------------------------------------
     0 | D:1      | qw the Deep Elf Hunter began the quest for the Orb.
     0 | D:1      | Reached XP level 1. HP: 12/12 MP: 3/3
     0 | D:1      | 0 ||| qw: Version: 0.3-a-9-g12657ce
     0 | D:1      | 0 ||| qw: Game counter: 2793
     0 | D:1      | 0 ||| qw: Always use a shield: true
     0 | D:1      | 0 ||| qw: God list: Okawaru
     0 | D:1      | 0 ||| qw: Allow faded altars: false
     0 | D:1      | 0 ||| qw: Do Orc after D:15 true
     0 | D:1      | 0 ||| qw: Do second Lair branch before Depths: true
     0 | D:1      | 0 ||| qw: Lair rune preference: random
     0 | D:1      | 0 ||| qw: Plans: Normal
     0 | D:1      | 0 ||| PLANNING D:1-11
    59 | D:1      | 59 ||| FLEEEEING.
    60 | D:1      | 60 ||| FLEEEEING.
    61 | D:1      | 61 ||| FLEEEEING.
    65 | D:1      | 65 ||| FLEEEEING.
    66 | D:1      | 66 ||| FLEEEEING.
   125 | D:1      | Reached XP level 2. HP: 16/16 MP: 4/4
   127 | D:1      | Reached skill level 6 in Ranged Weapons
   345 | D:1      | Reached XP level 3. HP: 14/20 MP: 5/5
   759 | D:1      | 759 ||| UPGRADING to +0 helmet.
   764 | D:1      | 764 ||| READING scroll labelled FEUSOE DIKHAY.
   765 | D:1      | 765 ||| READING scroll labelled COEQ NECRU.
   766 | D:1      | 766 ||| READING scroll labelled TUIRUR ISSEI.
   767 | D:1      | 767 ||| READING scroll labelled REGOCA OTHIMA.
   768 | D:1      | 768 ||| READING scroll labelled EQOWOHALATZ.
   769 | D:1      | 769 ||| DROPPING scroll of butterflies.
   791 | D:2      | Reached skill level 7 in Ranged Weapons
   805 | D:2      | Found Nailavyj's Magic Scroll Shoppe.
   821 | D:2      | 821 ||| BUYING scroll of identify (28 gold).
   821 | D:2      | Bought a scroll of identify for 28 gold pieces
   821 | D:2      | 821 ||| BUYING scroll of identify (28 gold).
   821 | D:2      | Bought a scroll of identify for 28 gold pieces
   821 | D:2      | 821 ||| SHOPLISTING scroll of teleportation (42 gold, have
                  | 32).
  1091 | D:2      | 1091 ||| READING scroll of enchant armour.
  1091 | D:2      | 1091 ||| ENCHANTING +0 helmet.
  1165 | D:2      | Reached XP level 4. HP: 25/25 MP: 6/6
  1435 | D:2      | 1435 ||| READING scroll of enchant armour.
  1435 | D:2      | 1435 ||| ENCHANTING +1 helmet.
  1580 | D:2      | 1580 ||| UPGRADING to +0 ring mail.
  1590 | D:2      | 1590 ||| DROPPING +0 leather armour.
  1591 | D:2      | 1591 ||| READING scroll labelled RIUCATOSIS.
  1592 | D:2      | 1592 ||| READING scroll labelled XETOMP CIHIH.
  1593 | D:2      | 1593 ||| DRINKING 2 inky potions.
  1638 | D:2      | 1638 ||| READING 2 scrolls of identify.
  1638 | D:2      | 1638 ||| IDENTIFYING clear potion
  1639 | D:2      | 1639 ||| DROPPING potion of lignification.
  1662 | D:3      | 1662 ||| READING scroll of enchant armour.
  1662 | D:3      | 1662 ||| ENCHANTING +0 ring mail.
  1814 | D:3      | 1814 ||| READING scroll of enchant armour.
  1814 | D:3      | 1814 ||| ENCHANTING +1 ring mail.
  2210 | D:3      | Reached skill level 8 in Ranged Weapons
  2241 | D:3      | 2241 ||| Stepping ~*~*~tactically~*~*~ (outnumbered).
  2261 | D:3      | Found a shadowy altar of Dithmenos.
  2262 | D:3      | Found a glowing silver altar of Zin.
  2437 | D:3      | 2437 ||| DROPPING amulet of magic regeneration.
  2438 | D:3      | 2438 ||| UPGRADING to ring of resist corrosion.
  2439 | D:3      | 2439 ||| READING scroll labelled OSTROS APTAISTU.
  2440 | D:3      | 2440 ||| DRINKING 2 murky sapphire potions.
  2479 | D:4      | 2479 ||| PLANNING SEWER
  2488 | D:4      | Reached XP level 5. HP: 29/29 MP: 7/7
  2542 | D:4      | HP: 7/29 [iguana (10)]
  2668 | D:4      | Reached skill level 9 in Ranged Weapons
  2751 | D:4      | Found a staircase to the Ecumenical Temple.
  2786 | D:4      | HP: 6/30 [scorpion (2)]
  2787 | D:4      | HP: 1/30 [poisoned by a scorpion]
  2788 | D:4      | Succumbed to a scorpion's poison

Levels and vault maps discovered:
D:1:      lightli_arrival_windingriver, layout_basic, minivault_4
D:2:      layout_loops_corners, serial_shops, nicolae_shop_statue_plus,
          nicolae_titane
D:3:      layout_basic, nicolae_overflow_squiral, kennysheep_generic_room_12
D:4:      wad_woods_settlement, layout_basic, minmay_temple_entry_junction_2,
          portal_sewer_entry_d, supply_closet_lemuel

Skill      XL: |  1  2  3  4  5 |
---------------+----------------+-----
Ranged Weapons | 6 7 8 9 |  9.0
Fighting       | 2 |  2.0
Dodging        | |  2.4
Stealth        | |  1.2

Action                     |  1- 3 |  4- 6 || total
---------------------------+-------+-------++-------
   Fire: Shortbow          |   117 |   144 ||   261
    Use: Scroll            |     6 |     7 ||    13
         Potion            |       |     2 ||     2
 Armour: Leather armour    |    19 |     3 ||    22
         Ring mail         |       |    23 ||    23
  Dodge: Dodged            |    37 |    41 ||    78

Table legend:
 A = Non-vault XP
 B = Vault XP
 C = Vault XP percentage of total XP
 D = Non-vault monster count
 E = Vault monster count
 F = Vault count percentage of total count
                 A         B        C        D         E       F
            +---------+---------+-------+---------+---------+-------
      Total |     298 |      18 |   5.7 |      81 |       3 |   3.6
            +---------+---------+-------+---------+---------+-------
        D:1 |      55 |       0 |   0.0 |      29 |       0 |   0.0
        D:2 |      72 |       0 |   0.0 |      23 |       0 |   0.0
        D:3 |      56 |       0 |   0.0 |      18 |       0 |   0.0
        D:4 |     115 |      18 |  13.5 |      11 |       3 |  21.4
            +---------+---------+-------+---------+---------+-------
